 Dungeon Crawl Stone Soup version 0.26.0-10-g1f06aea511 (webtiles) character file.

Game seed: 9360525281821129883

55 Anias the Sneak (level 3, -1/26 HPs)
             Began as an Octopode Delver on Jan 13, 2021.
             Slain by an ogre
             ... wielding a +0 giant club
              (27 damage)
             ... on level 5 of the Dungeon.
             The game lasted 00:01:28 (532 turns).

Anias the Sneak (Octopode Delver)                    Turns: 532, Time: 00:01:29

Health: -1/26      AC:  1    Str: 11    XL:     3   Next: 93%
Magic:  3/3        EV: 13    Int: 12    God:
Gold:   30         SH:  0    Dex: 14    Spells: 2/2 levels left

rFire    . . .     SeeInvis .   b - +3 mace
rCold    . . .     Faith    .   (no shield)
rNeg     . . .     Spirit   .   (helmet restricted)
rPois    .         Reflect  .   (no amulet)
rElec    .         Harm     .   (no ring)
rCorr    .         Rampage  .   (no ring)
Will     .....                  (no ring)
Stlth    ++++......             (no ring)
HPRegen  0.08/turn              (no ring)
MPRegen  0.08/turn              (no ring)
                                (no ring)
                                (no ring)

@: no status effects
A: almost no armour, stealthy swim, amphibious, 8 rings, constrict 8, camouflage
1, gelatinous body 1
a: no special abilities


You were on level 5 of the Dungeon.
You visited 1 branch of the dungeon, and saw 2 of its levels.

You collected 30 gold pieces.

Inventory:

Hand Weapons
 a - a +0 falchion
 b - a +3 mace (weapon)
Magical Staves
 e - an uncursed staff of air
Wands
 f - a wand of digging (3)
Scrolls
 c - 3 scrolls of magic mapping
 d - a scroll of fear
 h - a scroll of identify {unknown}
Potions
 g - 2 potions of curing {unknown}
 i - a potion of lignification {unknown}


   Skills:
 - Level 3.0 Fighting
 - Level 4.1 Long Blades
 + Level 0.0 Maces & Flails
 - Level 2.0 Dodging
 - Level 6.6 Stealth


You had 2 spell levels left.
You didn't know any spells.
Your spell library was empty.

Dungeon Overview and Level Annotations

Branches:
Dungeon (6/15)
 Temple: D:4-7

Altars:


Innate Abilities, Weirdness & Mutations

You cannot wear most types of armour.
You are very stealthy in the water. (Stealth+)
You are amphibious.
You can wear up to eight rings at the same time.
You can use your tentacles to constrict eight enemies at once.
Your skin changes colour to match your surroundings (Stealth+).
Your rubbery body absorbs attacks. (AC +1, EV +1)


Message History

g - 2 cyan potions
Found a ring mail.
Found a stone staircase leading up.
h - a scroll labelled TENIGU DOUKKO You now have 30 gold pieces (gained 6).
There is a stone staircase leading up here.
You climb upwards.
There is a stone staircase leading down here.
Found 18 bolts.
c - 2 scrolls of magic mapping (gained 1)
An ogre comes into view. It is wielding a +0 giant club.
Found a scroll of magic mapping and 10 gold pieces.
You see here a smoky emerald potion.
i - a smoky emerald potion You see here a scroll of magic mapping.
c - 3 scrolls of magic mapping (gained 1)
You barely miss the ogre.
The ogre hits you with a +0 giant club!!
Ouch! That really hurt!
You die...

.....# ........## #... ..
........$# ..... ..
.........# #......#....
.........# ##........#.###
.........###.......(...<..
.............^[....# #.#..
........O...#......###....
........#@..#......##...#
.#.....#..#.#.(....#...##.
##.##...##...............
# #...............##.###
#......######.....#...>.
....##### #.......#...
.#.# ##...#.....# #.
.....##...### #
#.##..#...##


You could see an ogre.

Vanquished Creatures
  2 orc wizards (D:6)
  An orc (D:6)
3 creatures vanquished.

Notes
Turn   | Place    | Note
-------+----------+-------------------------------------------
     0 | D:5      | Anias the Octopode Delver began the quest for the Orb.
     0 | D:5      | Reached XP level 1. HP: 16/16 MP: 1/1
     8 | D:5      | You fall into a shaft and drop 1 floor!
    10 | D:6      | Noticed an orc wizard
    14 | D:6      | Noticed an orc wizard
    20 | D:6      | Killed an orc wizard
    21 | D:6      | Reached XP level 2. HP: 21/21 MP: 2/2
    21 | D:6      | Reached XP level 3. HP: 26/26 MP: 3/3
    29 | D:6      | HP: 1/39 [orc (2)]
   521 | D:5      | Noticed an ogre
   532 | D:5      | Slain by an ogre

Illustrated notes

Levels and vault maps discovered:
D:5:      layout_rooms, gammafunk_ghost_abyssal_escape, uniq_duvessa,
          uniq_prince_ribbit1
D:6:      layout_layer_cave, xom_redecorated, nicolae_tso_carved_into_rock

Skill      XL: |  1  2  3 |
---------------+----------+-----
Long Blades    | 3 4 |  4.1
Fighting       | |  3.0
Dodging        | |  2.0
Stealth        | |  6.6

Action                   || total
-------------------------++-------
Melee: Falchion          ||    11
       Constrict         ||     3
       Tentacles         ||     2
       Mace              ||     1
  Use: Scroll            ||     1
       Potion            ||     2
 Stab: Sleeping          ||     1
Armor: Skin              ||     1
Dodge: Dodged            ||    13
